cohdb
Replays
Latest Replays
All Replays
Popular Replays
Top Player Replays
Match Explorer
How It Works
Community
CoH3 Stats
Reddit
Sign in to upload your games and track your stats! →
Sign in with Steam
Match 43854436
Unlisted
Match 43854436
Overview
Messages
Build Orders
End
Kradschützen Motorcycle Team
Panzergrenadier Squad
Panzergrenadier Squad
Construct Light Support Kompanie
Selects Italian Infantry
Fire Support Elements
MG34 Team
Flakvierling Half-track
Panzerjäger Mechanized Group
2.5-tonne Medical Truck
Selects Guastatori Squad
Guastatori Squad
Construct Panzerarmee Kommand
Selects Registered Artillery
Walking Stuka Rocket Launcher
Registered Artillery
Selects Defensive Operations
Selects Prepared Positions
Pak 38 Mechanized Group
Armored Reserves
Registered Artillery
Selects Obice 305mm Barrage
Tiger Heavy Tank
Selects Towed Cannone da 105/28 Field Howitzer
Rapid Advance
Vehicle Survival Package
Tiger Heavy Tank
Registered Artillery
twitch.tv/forbarbarossa
DonnieChan
Kale: Son of Lettuce
Sarmynation
0
0
Comments
sign in to comment!
No comments posted yet!